 Dungeon Crawl Stone Soup version 0.30-a0-381-g6ea064c7b4 (webtiles) character file.

Game seed: 8358376824869912822

305 NinjaNoafa the Magician (level 6, -24/47 HPs)
             Began as a Djinni Conjurer on Dec 1, 2022.
             Annihilated by an ogre
             ... wielding a +0 giant club
              (31 damage)
             ... on level 5 of the Dungeon.
             The game lasted 00:09:44 (4102 turns).

NinjaNoafa the Magician (Djinni Conjurer)           Turns: 4102, Time: 00:09:45

Health: -24/47     AC: -2    Str:  6    XL:     6   Next: 66%
Gold:   162        EV: 12    Int: 22    God:
                   SH:  0    Dex: 11

rFire   + + +      SeeInvis +    z - +1 rapier (drain)
rCold   + . .      Faith    .    (no shield)
rNeg    . . .      Spirit   .    u - +0 robe {rC+ rF+}
rPois   ∞          Reflect  .    (no helmet)
rElec   .          Harm     .    k - scarf {repulsion}
rCorr   .          Rampage  .    (no gloves)
Will    .....                    (boots unavailable)
Stlth   ++........               (no amulet)
HPRegen 0.27/turn                t - ring of protection from cold
MPRegen 0.00/turn                a - ring of see invisible

@: corroded, flying, studying Throwing, repel missiles
A: sickness immunity, fire resistance 2, cold vulnerability 1, float, innate
caster, HP casting, extra vitality 1
a: no special abilities


You were on level 5 of the Dungeon.
You visited 1 branch of the dungeon, and saw 5 of its levels.

You collected 162 gold pieces.

Inventory:

Hand Weapons
 z - a +1 rapier of draining (weapon)
Missiles
 b - 17 stones
 g - 2 atropa-tipped darts
 l - 10 poisoned darts
 m - a throwing net
Armour
 k - a scarf of repulsion (worn)
 u - a +0 robe of resistance (worn)
Jewellery
 a - a ring of see invisible (right hand)
 t - a ring of protection from cold (left hand)
Wands
 w - a wand of paralysis (10)
Scrolls
 c - 5 scrolls of identify
 d - 2 scrolls of butterflies {unknown}
 e - 3 scrolls of teleportation
 h - a scroll of poison {unknown}
 o - 2 scrolls of blinking {unknown}
 p - 2 scrolls of noise {unknown}
 r - a scroll of torment {unknown}
 y - a scroll of vulnerability {unknown}
Potions
 f - 2 potions of cancellation {unknown}
 i - 5 potions of curing {unknown}
 j - a potion of berserk rage {unknown}
 n - a potion of magic {unknown}
 q - 2 potions of resistance {unknown}
 s - a potion of might {unknown}
 v - a potion of invisibility {unknown}
 x - 2 potions of degeneration {unknown}


   Skills:
 + Level 4.2 Fighting
 - Level 2.1 Dodging
 - Level 1.5 Stealth
 + Level 4.7 Spellcasting


You couldn't memorise any spells.
You knew the following spells:

 Your Spells              Type           Power      Damage    Failure   Level
a - Magic Dart            Conj           100%       1d8       1%          1
b - Searing Ray           Conj           52%        2d6       2%          2
c - Dazzling Flash        Conj/Hex       52%        N/A       4%          3
d - Fulminant Prism       Conj/Hex       13%        3d8       16%         4
e - Iskenderun's Mystic   Conj/Tloc      26%        2d7       16%         4
f - Sandblast             Erth           52%        2d12      1%          1
g - Momentum Strike       Conj/Tloc      52%        3d9       2%          2
Your spell library was empty.

Dungeon Overview and Level Annotations

Branches:
Dungeon (5/15)
 Temple: D:4-7

Altars:
Elyvilon
Qazlal
Ru
Trog
Zin

Annotations:
D:4 2 transporters, hehateme's ghost, amateur GrMo


Innate Abilities, Weirdness & Mutations

You are immune to sickness and miasma.
You are immune to poison.
Your flesh is very heat resistant. (rF++)
You are vulnerable to cold. (rC-)
You float through the air rather than walking.
You learn spells naturally, not from books.
Your magical power is your life essence.
You have superior vitality. (+4 MHP)


Message History

Found a scroll labelled ORAIMITUASOCS.
A jelly comes into view.
Casting: Magic Dart (safe; 1% risk of failure)
Confirm with . or Enter, or press ? or * to list all spells.
Aiming: Magic Dart (safe; 1% risk of failure)
Press: ? - help, Shift-Dir - straight line, f - jelly
Aim: a jelly (100% to hit)
The magic dart hits the jelly.
The jelly is moderately wounded.
Casting: Magic Dart (safe; 1% risk of failure)
Confirm with . or Enter, or press ? or * to list all spells.
Aiming: Magic Dart (safe; 1% risk of failure)
Press: ? - help, Shift-Dir - straight line, f/p - jelly
Aim: a jelly (moderately wounded, 100% to hit)
The magic dart hits the jelly.
The jelly is heavily wounded.
Casting: Magic Dart (safe; 1% risk of failure)
Confirm with . or Enter, or press ? or * to list all spells.
Aiming: Magic Dart (safe; 1% risk of failure)
Press: ? - help, Shift-Dir - straight line, f/p - jelly
Aim: a jelly (heavily wounded, 100% to hit)
The magic dart hits the jelly.
The jelly is severely wounded.
As you read the scroll labelled ORAIMITUASOCS, it crumbles to dust.
It is a scroll of identify.
e - 3 scrolls of teleportation The hound closely misses you.
The jelly attacks as you move away! The jelly hits you.
You are splashed with acid!
The jelly attacks as you move away! The jelly hits you.
You are splashed with acid!
The hound closely misses you. The hound bites you.
The jelly attacks as you move away! The jelly hits you. The acid corrodes you!
You are splashed with acid!
The hound bites you.
* * * LOW HITPOINT WARNING * * *
The hound attacks as you move away! The hound bites you.
* * * LOW HITPOINT WARNING * * *
The hound closely misses you.
The ogre hits you with a +0 giant club!!
Ouch! That really hurt!
You die...

#######.........
#...............
#...................
#...................
#...................
#................... .
#................... .
#.JhO..#####........ ?
#..@...# #........ .
#......# +h.......
#......# #.......!
#... #......#
#.Y......
##...#########......#
#........
.#......#....#......#
#....O...
.#......#....#......#
#........
.#......#....#......#
#.......[
##......##...#......##
#........


You could see an ogre, a hound and a jelly.

Vanquished Creatures
  A centaur (D:5)
  An orc priest (D:3)
  Ijyb (D:4)
  2 adders (D:3)
  An ufetubus (D:5)
  4 dart slugs
  5 orcs
  4 bats
  3 endoplasms
  2 giant cockroaches (D:1)
  7 goblins
  8 hobgoblins
  5 quokkas
  7 ball pythons
  5 frilled lizards
  5 kobolds
  8 rats
69 creatures vanquished.

Vanquished Creatures (others)
  2 centaurs
  A hound (D:4)
  An adder (D:4)
  A dart slug (D:4)
  An endoplasm (D:4)
  A bat (D:3)
  A kobold (D:3)
8 creatures vanquished.

Grand Total: 77 creatures vanquished

Notes
Turn   | Place    | Note
-------+----------+-------------------------------------------
     0 | D:1      | NinjaNoafa the Djinni Conjurer began the quest for the Orb.
     0 | D:1      | NinjaNoafa set off with the following spells memorised:
                  | Magic Dart, Searing Ray, Dazzling Flash, Fulminant Prism,
                  | Iskenderun's Mystic Blast.
     0 | D:1      | Reached XP level 1. HP: 15/15 MP: 0/0
   277 | D:1      | Reached skill level 1 in Fighting
   277 | D:1      | Reached XP level 2. HP: 20/22 MP: 0/0
   770 | D:2      | Reached XP level 3. HP: 26/27 MP: 0/0
   770 | D:2      | Learned a level 1 spell: Sandblast
  1272 | D:2      | Found a faded altar of an unknown god.
  1694 | D:3      | Reached XP level 4. HP: 30/33 MP: 0/0
  1981 | D:3      | Reached XP level 5. HP: 14/40 MP: 0/0
  1981 | D:3      | Learned a level 2 spell: Momentum Strike
  2218 | D:3      | Found a sacrificial altar of Ru.
  2355 | D:3      | Found a white marble altar of Elyvilon.
  2775 | D:4      | Found a transporter.
  2807 | D:4      | Found a transporter.
  2831 | D:4      | Found a glowing silver altar of Zin.
  2908 | D:4      | Noticed a centaur
  2919 | D:4      | Killed a centaur
  3165 | D:4      | Noticed hehateme's ghost (amateur GrMo)
  3352 | D:4      | Found a stormy altar of Qazlal.
  3352 | D:4      | Found a bloodstained altar of Trog.
  3790 | D:5      | Entered Level 5 of the Dungeon
  3790 | D:5      | Noticed Ijyb
  3790 | D:5      | Noticed an ice beast
  3799 | D:4      | Killed Ijyb
  3800 | D:4      | Reached XP level 6. HP: 24/46 MP: 0/0
  4065 | D:5      | Noticed an ogre
  4065 | D:5      | Noticed an ice beast
  4102 | D:5      | Annihilated by an ogre

Illustrated notes

Levels and vault maps discovered:
D:1:      ncdulo_halloftheorcs, layout_loops_ring
D:2:      layout_loops_ring, hellmonk_ecumenical_altar_arch_garden
D:3:      layout_basic, old_standard_altar, mainiacjoe_overflow_boulevard,
          minmay_misc_feat_chi
D:4:      layout_cave_pods, zin_treasury, gammafunk_temple_overflow_claw,
          gammafunk_ghost_stat_death
D:5:      layout_gridville, kennysheep_little_box, ebering_ghost_disaster_area,
          minmay_manual_mares, uniq_ijyb

Skill      XL: |  1  2  3  4  5  6 |
---------------+-------------------+-----
Fighting       | 1 2 3 4 |  4.2
Spellcasting   | 4 |  4.7
Dodging        | |  2.1
Stealth        | |  1.5

Action                   |  1- 3 |  4- 6 || total
-------------------------+-------+-------++-------
Melee: Dagger            |     2 |     5 ||     7
 Cast: Magic Dart        |    46 |    25 ||    71
       Searing Ray       |     8 |    14 ||    22
       Sandblast         |     9 |    18 ||    27
       Dazzling Flash    |     2 |     5 ||     7
       Momentum Strike   |       |     8 ||     8
  Use: Scroll            |       |     1 ||     1
 Stab: Invisible         |       |     1 ||     1
Armor: Robe              |     3 |    12 ||    15
Dodge: Dodged            |     8 |    46 ||    54

Table legend: (Time is in decaauts)
 A = Elapsed time spent in this place.
 B = Non-inter-level travel time spent in this place.
 C = Inter-level travel time spent in this place.
 D = Time resting spent in this place.
 E = Time spent auto-exploring this place.
 F = Levels seen in this place.
 G = Mean time per level.
                   A        B        C        D        E       F      G
               +--------+--------+--------+--------+--------+-----+--------+
         Total |   4112 |   3970 |    142 |     15 |   3455 |   5 |  822.4 |
       Dungeon |   4112 |   3970 |    142 |     15 |   3455 |   5 |  822.4 |
               +--------+--------+--------+--------+--------+-----+--------+

Top non-repeatable levels by time:
     D:3: 1207 daAuts
     D:4: 1123 daAuts
     D:2: 793 daAuts
     D:1: 768 daAuts
     D:5: 220 daAuts
